[Event "*** Titled Tuesday Blitz"]
[Site "Chess.com"]
[Date "2020.05.05"]
[Round "6"]
[White "Fandorine"]
[Black "anon132639"]
[Result "1-0"]
[WhiteElo "2815"]
[BlackElo "2641"]
[TimeControl "180+1"]
[EndTime "11:07:45 PDT"]
[Termination "Fandorine won on time"]

1. e4 c5 2. Nf3 Nc6 3. Bb5 Nf6 4. Nc3 Qc7 5. O-O Nd4 6. Re1 a6 7. Bf1 e5 8. a4 d6 9. h3 Be7 10. d3 O-O 11. Bg5 Be6 12. Bd2 h6 13. a5 Rab8 14. Na4 Nd7 15. c4 f5 16. Nxd4 cxd4 17. exf5 Rxf5 18.
g3 Rbf8 19. f4 d5 20. Bg2 dxc4 21. dxc4 Bd6 22. g4 Rxf4 23. Bxf4 Rxf4 24. c5 Nxc5 25. Rc1 Bb3 26. Qxb3+ Nxb3 27. Rxc7 Bxc7 28. Bd5+ Kh8 29. Bxb3 e4 30. Rf1 Rxf1+ 31. Kxf1 Bxa5 32. Nc5 e3 33. Ke2 Bb6 34. Nxb7 g5 35. Nd6 Kg7 36. Nf5+ Kf6 37. Bc4 a5 38. b3 Ke5 39. Nxh6 Kf4 40. Nf5 1-0

[Event "*** Titled Tuesday Blitz"]
[Site "Chess.com"]
[Date "2020.05.05"]
[Round "6"]
[White "Onischuk_V"]
[Black "RestartingChess"]
[Result "1-0"]
[WhiteElo "2775"]
[BlackElo "2507"]
[TimeControl "180+1"]
[EndTime "11:07:45 PDT"]
[Termination "Onischuk_V won by resignation"]

1. e4 d5 2. exd5 Qxd5 3. Nc3 Qd6 4. Nf3 Nf6 5. g3 Bg4 6. Bg2 c6 7. O-O e6 8. h3 Bxf3 9. Qxf3 Be7 10. d3 O-O 11. Re1 Nbd7 12. a3 Nb6 13. Bf4 Qd8 14.
Ne4 Nxe4 15. dxe4 Nc4 16. Qb3 b5 17. e5 Qb6 18. Bf1 Bc5 19. Re2 Rad8 20. c3 Rd3 21.
Qc2 Rfd8 22. b4 Be7 23. a4 g5 24. a5 Qc7 25. Ree1 R3d5 26. Bxc4 bxc4 27. Be3 Rxe5 28. Qe2 Re4 29. Qf3 f5 30. Bd4 e5 31. Be3 Rf8 32. g4 Qd6 33. Rad1 Qg6 34. gxf5 Qxf5 35. Qxf5 Rxf5 36. Bxa7 Rxe1+ 37. Rxe1 Rf3 38. Be3 Rf8 39. Rd1 Kf7 40. Rd7 Ke6 41. Rxe7+ Kf5 42. a6 Ke4 43. a7 Kd3 44. Rb7 Ra8 45. Rb8 Rxa7 46. Bxa7 Kxc3 47. Rc8 Kxb4 48. Rxc6 c3 49. Be3 Kb3 50. Rc7 c2 51. Rxh7 Kb2 52. Rc7 c1=Q+ 53. Rxc1 Kb3 1-0

[Event "*** Titled Tuesday Blitz"]
[Site "Chess.com"]
[Date "2020.05.05"]
[Round "6"]
[White "Zq1"]
[Black "Spartakus1975"]
[Result "0-1"]
[WhiteElo "2550"]
[BlackElo "2745"]
[TimeControl "180+1"]
[EndTime "11:07:45 PDT"]
[Termination "Spartakus1975 won by resignation"]

1. d4 d5 2. c4 c6 3. cxd5 cxd5 4. Bg5 h6 5. Bh4 Qb6 6. Qd2 Bf5 7. Nc3 e6 8. e3 Nc6 9. Nf3 Bd6 10. Be2 Nge7 11. O-O O-O 12. Rfc1 Rfc8 13. Nb5 Bb4 14. Qd1 a6 15. Nc3 Bg4 16. Na4 Qa7 17. Nc5 Nf5 18.
Bg3 b6 19. Nd3 Be7 20. Nfe5 Nxe5 21. Nxe5 Bxe2 22. Qxe2 Qb7 23. Bf4 Nd6 24. h3 Rxc1+ 25. Rxc1 Rc8 26. Qd1 Nc4 27. b3 Nxe5 28. Bxe5 Rc6 29.
Rxc6 Qxc6 30. Qd3 b5 31. g4 f6 32. Bg3 Kf7 33. Kg2 Qc1 34. a4 bxa4 35. bxa4 Qc4 36. Qxc4 dxc4 37. Kf1 f5 38. Ke2 fxg4 39. hxg4 g6 40.
e4 h5 41. gxh5 gxh5 42. f4 h4 43. Be1 Kg6 44. Kf3 Kh5 45. d5 exd5 46. exd5 Bf6 47. d6 c3 48. Ke4 c2 49. Bd2 Kg4 50. d7 h3 51. Bc3 c1=Q 52. Bxf6 Qc6+ 0-1

[Event "*** Titled Tuesday Blitz"]
[Site "Chess.com"]
[Date "2020.05.05"]
[Round "6"]
[White "bazar-wokzal"]
[Black "Chepaschess"]
[Result "0-1"]
[WhiteElo "2537"]
[BlackElo "2737"]
[TimeControl "180+1"]
[EndTime "11:07:46 PDT"]
[Termination "Chepaschess won by resignation"]

1. e4 c5 2. c3 d5 3. exd5 Qxd5 4. d4 Nf6 5. Nf3 e6 6. a3 Nc6 7. Be3 cxd4 8. cxd4 Be7 9. Nc3 Qd6 10. Bd3 O-O 11.
Qc2 g6 12. Rc1 Nd5 13. Ne4 Nxe3 14. fxe3 Qd8 15. O-O Bd7 16. Qb3 Qb6 17. Qxb6 axb6 18. Rf2 f5 19. Nc3 Bf6 20. Bc4 Kg7 21. Rd1 Na5 22.
Ba2 Rfd8 23. e4 Rac8 24. exf5 exf5 25. Nd5 b5 26. Nxf6 Kxf6 27. Ne5 Be6 28. Bxe6 Kxe6 29. Re2 Kd5 30. Nd3 Re8 31. Nf4+ Kd6 32. Rde1 Rxe2 33. Rxe2 g5 34. Nd3 Rc4 35. Re5 Rxd4 36. Rxb5 Nc4 37. Nb4 Rd1+ 38. Kf2 Rd2+ 39. Kf3 Ne5+ 40. Ke3 Nc4+ 41. Kf3 Ne5+ 42. Ke3 Rxg2 43. Rb6+ Kc5 44. Rxb7 f4+ 45. Ke4 Re2+ 46. Kf5 f3 47. Kxg5 f2 48. Rc7+ Kd6 49. Rc1 Re1 0-1

[Event "*** Titled Tuesday Blitz"]
[Site "Chess.com"]
[Date "2020.05.05"]
[Round "6"]
[White "Sychev_Klementy"]
[Black "GM_DarwinLaylo"]
[Result "1-0"]
[WhiteElo "2877"]
[BlackElo "2526"]
[TimeControl "180+1"]
[EndTime "11:07:46 PDT"]
[Termination "Sychev_Klementy won on time"]

1. e4 c5 2. Nf3 e6 3. d4 cxd4 4. Nxd4 Bc5 5. Be3 Qb6 6. Na3 a6 7. Nc4 Qc7 8. Qg4 g6 9. Qh4 b5 10. Nd2 Bb7 11. Bd3 Be7 12. Qg3 Qxg3 13. hxg3 Nc6 14. a4 b4 15. Nc4 Nf6 16. f3 O-O 17. Nxc6 Bxc6 18. Na5 Rfc8 19. Ke2 d5 20. e5 Nd7 21. f4 Bc5 22. Nxc6 Rxc6 23. Bd2 a5 24. g4 Bd4 25. Rab1 f5 26. gxf5 exf5 27. Bb5 Rc7 28.
Rhd1 1-0

[Event "*** Titled Tuesday Blitz"]
[Site "Chess.com"]
[Date "2020.05.05"]
[Round "6"]
[White "FROGGY64"]
[Black "AlanZhang"]
[Result "1-0"]
[WhiteElo "2435"]
[BlackElo "2171"]
[TimeControl "180+1"]
[EndTime "11:07:46 PDT"]
[Termination "FROGGY64 won on time"]

1. d4 Nf6 2. Bg5 d5 3. e3 e6 4. Bd3 Be7 5. f4 Nbd7 6. Nf3 b6 7. O-O O-O 8. Nbd2 Bb7 9. Ne5 c5 10. c3 c4 11. Bc2 b5 12. Rf3 Ne4 13. Bxe7 Qxe7 14.
Nxe4 dxe4 15. Rg3 f5 16. Rh3 Nxe5 17. fxe5 a5 18. Qe2 Bd5 19. Rf1 b4 20. g4 Qg5 21.
Rg3 f4 22. exf4 Rxf4 23. Rxf4 Qxf4 24. Re3 Rf8 25. Bxe4 Bxe4 26. Rxe4 Qc1+ 27. Kg2 bxc3 28. bxc3 Qxc3 29. Qd1 Rb8 30. d5 Rb2+ 31. Re2 Rxe2+ 32.
Qxe2 exd5 33. e6 Kf8 34. Qf2+ Qf6 35. Qc5+ Qe7 36. Qc8+ Qe8 37. Qc5+ Kg8 38. Qxd5 c3 39. e7+ Kh8 40. Qd8 1-0

[Event "*** Titled Tuesday Blitz"]
[Site "Chess.com"]
[Date "2020.05.05"]
[Round "6"]
[White "Artem_Sadovsky"]
[Black "MFguimaraes"]
[Result "1-0"]
[WhiteElo "2544"]
[BlackElo "2407"]
[TimeControl "180+1"]
[EndTime "11:07:47 PDT"]
[Termination "Artem_Sadovsky won by resignation"]

1. Nf3 d5 2. g3 Nc6 3. Bg2 e5 4. O-O e4 5. Ne1 Nf6 6. d3 exd3 7. Nxd3 h6 8. Nf4 Ne7 9. c4 dxc4 10. Qxd8+ Kxd8 11. Na3 c6 12. Nxc4 g5 13. Rd1+ Kc7 14. Nd6 Rh7 15. Nxc8 Rxc8 16. Nd3 Nfd5 17. Bd2 Bg7 18.
e4 Nb6 19. Ba5 Kb8 20. Nc5 f5 21. exf5 Nxf5 22. Be4 Rf8 23. Bxb6 Bxb2 24. Bxf5 axb6 25. Bxh7 bxc5 26. Rab1 Bd4 27. Rd2 b5 28. Be4 Kc7 29. Kg2 g4 30. f3 h5 31. fxg4 hxg4 32. h3 gxh3+ 33. Kxh3 Re8 34. Bf5 Re3 35. Kg4 Ra3 36. Re2 Kd6 37. Kf4 c4 38. g4 c5 39. g5 b4 40. g6 b3 41. axb3 cxb3 42. Be6 Ra4 43. Bxb3 Be5+ 44. Kg5 Bf4+ 45. Kf5 Rb4 46. Bc2 Bh6 47.
Rxb4 cxb4 1-0

[Event "*** Titled Tuesday Blitz"]
[Site "Chess.com"]
[Date "2020.05.05"]
[Round "6"]
[White "Loiacono_Antonio"]
[Black "gemarin"]
[Result "1-0"]
[WhiteElo "2371"]
[BlackElo "1968"]
[TimeControl "180+1"]
[EndTime "11:07:47 PDT"]
[Termination "Loiacono_Antonio won by checkmate"]

1. e4 c5 2. Nf3 Nc6 3. d4 cxd4 4. Nxd4 e5 5. Nb5 d6 6. c4 a6 7.
N5c3 Nf6 8. Bg5 Be7 9. Bxf6 Bxf6 10. Nd5 Bg5 11. Nbc3 O-O 12. h4 Bh6 13. g3 Be6 14.
Bg2 Nd4 15. O-O b5 16. cxb5 axb5 17. Ne2 Bxd5 18. exd5 Nf5 19. Qd3 Ne7 20. Nc3 b4 21. Ne4 f5 22. Nd2 e4 23. Qd4 Qb8 24. Nc4 Ng6 25. f3 Ne5 26. fxe4 Nxc4 27. Qxc4 Qb6+ 28. Kh2 Rac8 29. Qd3 fxe4 30. Qxe4 Rfe8 31. Qf5 g6 32. Qf7+ Kh8 33. Rae1 Rf8 34. Qe6 Bg7 35. Qe7 Qc5 36. b3 Ra8 37. Rf7 Rxf7 38. Qxf7 Rf8 39. Re8 Qf2 40. Rxf8+ Bxf8 41. Qxf2 Bg7 42. Qf7 Be5 43. Qf8# 1-0

[Event "*** Titled Tuesday Blitz"]
[Site "Chess.com"]
[Date "2020.05.05"]
[Round "6"]
[White "Nellichka"]
[Black "annamaja"]
[Result "0-1"]
[WhiteElo "2084"]
[BlackElo "2305"]
[TimeControl "180+1"]
[EndTime "11:07:47 PDT"]
[Termination "annamaja won by resignation"]

1. d4 Nf6 2. c4 e6 3. Nc3 Bb4 4. e3 O-O 5. Ne2 d5 6. a3 Be7 7. b4 dxc4 8. Ng3 a5 9. bxa5 Rxa5 10. Bxc4 c6 11. O-O b5 12. Bb3 b4 13. Na4 Ba6 14. Re1 bxa3 15. Bd2 Rb5 16. Bc3 Nd5 17. e4 Nxc3 18.
Nxc3 Rb4 19. d5 cxd5 20. exd5 Bf6 21. Nge4 Rxe4 22. Nxe4 Bxa1 23. Qxa1 exd5 24. Rd1 Qb6 25. Bxd5 Qb2 26. Qxb2 axb2 27. Nd6 Bd3 28. Ba2 Bc2 29. Re1 Nc6 30. Nxf7 h6 31. Nxh6+ Kh7 32. Ng4 Nb4 33. Bb1 Rc8 34. Ne3 Bxb1 35. Nd1 Rc1 36. Kf1 Bd3+ 37.
Kg1 b1=Q 0-1

[Event "*** Titled Tuesday Blitz"]
[Site "Chess.com"]
[Date "2020.05.05"]
[Round "6"]
[White "Herracek"]
[Black "K_A_S_T_O_R"]
[Result "0-1"]
[WhiteElo "2595"]
[BlackElo "2783"]
[TimeControl "180+1"]
[EndTime "11:07:48 PDT"]
[Termination "K_A_S_T_O_R won by resignation"]

1. c4 Nf6 2. Nc3 c5 3. g3 e6 4. Nf3 b6 5. Bg2 Bb7 6. O-O a6 7. b3 d6 8. d4 cxd4 9. Qxd4 Nbd7 10. Rd1 Be7 11. Ba3 Nc5 12. Rac1 O-O 13. Bb2 Qc7 14. Ng5 Bxg2 15. Kxg2 Qb7+ 16. f3 Rfd8 17. Rd2 Rac8 18. Nge4 b5 19. cxb5 axb5 20. Rcd1 d5 21.
Nxf6+ Bxf6 22. Qg4 d4 23. Nb1 e5 24. h4 g6 25. h5 Re8 26. hxg6 hxg6 27. Na3 Ra8 28. Rc1 Ne6 29. Rh1 Kg7 30. Rc2 Rh8 31. Rxh8 Rxh8 32. Nb1 Be7 33. Qe4 Qxe4 34. fxe4 Ng5 35. Nd2 Kf6 36. a3 Ne6 37. b4 Bd6 38. Nf3 Ke7 39.
Rc6 Rb8 40. Ra6 Nc7 41. Ra7 Kd7 42. e3 d3 43. Kf1 f6 44. Ke1 Kc6 45. Kd2 Kb6 46. Ra5 Rd8 47. Kxd3 Bxb4+ 0-1

[Event "*** Titled Tuesday Blitz"]
[Site "Chess.com"]
[Date "2020.05.05"]
[Round "6"]
[White "EddieMarsalla"]
[Black "ElGasanov"]
[Result "1-0"]
[WhiteElo "2528"]
[BlackElo "2708"]
[TimeControl "180+1"]
[EndTime "11:07:48 PDT"]
[Termination "EddieMarsalla won by resignation"]

1. d4 e6 2. Nf3 c5 3. c3 Nf6 4.
Bg5 Be7 5. e3 Qb6 6. Qb3 d5 7.
Nbd2 Bd7 8. Ne5 Nc6 9. f4 h6 10. Bh4 g5 11. Bg3 gxf4 12. Bxf4 c4 13. Qc2 Nh5 14. Be2 Nxf4 15. exf4 Nxe5 16. fxe5 f5 17. exf6 Bxf6 18. O-O O-O 19. Rf3 Bg7 20. Raf1 e5 21. Rxf8+ Rxf8 22. Rxf8+ Kxf8 23. Kf1 exd4 24. cxd4 Qxd4 25.
b3 Qf4+ 26. Nf3 Bf5 27. Qd1 c3 28. Bd3 Bxd3+ 29. Qxd3 Qe4 30. Qxe4 dxe4 31. Ne1 b5 32. Ke2 Bd4 33. Nc2 Bb6 34. b4 Kf7 35. Na3 a6 36. Kd1 e3 37. Nc2 Ke6 38. Ke2 Kd5 39. Kd3 Ke5 40. Nxe3 Bxe3 41. Kxe3 h5 42. g3 Kf5 43. h3 Ke5 44. Kd3 1-0

[Event "*** Titled Tuesday Blitz"]
[Site "Chess.com"]
[Date "2020.05.05"]
[Round "6"]
[White "Anastasia_Nesytova"]
[Black "Hasangatin_Ramil"]
[Result "0-1"]
[WhiteElo "2386"]
[BlackElo "2531"]
[TimeControl "180+1"]
[EndTime "11:07:48 PDT"]
[Termination "Hasangatin_Ramil won by resignation"]

1. d4 d6 2. c4 e5 3. Nf3 e4 4.
Ng5 f5 5. h4 Nf6 6. g3 c6 7. d5 Na6 8. Nc3 Nc7 9. Bf4 Be7 10. Bg2 O-O 11. e3 c5 12. f3 exf3 13. Bxf3 Ng4 14. Qd3 Ne5 15. Qe2 h6 16. Bxe5 dxe5 17.
Nh3 e4 18. Bg2 Bf6 19. Qc2 Ne8 20. Nf4 Nd6 21. O-O-O Nxc4 22. Ne6 Bxe6 23. dxe6 Qa5 24. e7 Rf7 25. Qb3 Nxe3 26. Rd7 Re8 27. Bh3 c4 28.
Qxb7 Rfxe7 29. Rxe7 Rxe7 30. Qc8+ Kh7 31. Re1 Bxc3 32.
Rxe3 Bd2+ 33. Kc2 Bxe3 34. Bxf5+ g6 35. Bxg6+ Kxg6 36. Qg8+ Kf6 37. Qf8+ Ke6 38. Qg8+ Kd7 0-1

[Event "*** Titled Tuesday Blitz"]
[Site "Chess.com"]
[Date "2020.05.05"]
[Round "6"]
[White "floplover"]
[Black "elisak43"]
[Result "1-0"]
[WhiteElo "2283"]
[BlackElo "2414"]
[TimeControl "180+1"]
[EndTime "11:07:48 PDT"]
[Termination "floplover won on time"]

1. d4 Nf6 2. c4 c5 3. d5 b5 4. cxb5 g6 5. Nc3 Bg7 6. e4 d6 7. Bd3 O-O 8. Nf3 a6 9. bxa6 Bxa6 10. O-O Nbd7 11. a4 Ng4 12. Nb5 Nge5 13. Nxe5 Nxe5 14. Be2 Qb6 15. Be3 Nd7 16. Rb1 Qa5 17. b3 Rfb8 18. h4 Nf6 19. Qc2 Ne8 20. Rfe1 Nc7 21. b4 cxb4 22. Qxc7 Qxa4 23. Nd4 Bxe2 24. Rxe2 b3 25. Nc6 Qxe4 26. Ree1 Re8 27. Rxb3 Qxd5 28.
Rb7 Bf6 29. Bg5 Rac8 30. Qd7 Qxc6 31. Qxc6 Rxc6 32. Bxf6 e6 33. Reb1 Rcc8 34. Rd7 e5 35. Rbb7 Rf8 36. Be7 Rfe8 37. Bxd6 1-0

[Event "*** Titled Tuesday Blitz"]
[Site "Chess.com"]
[Date "2020.05.05"]
[Round "6"]
[White "Boudicca64"]
[Black "GiorgianBarbosa"]
[Result "0-1"]
[WhiteElo "1962"]
[BlackElo "2368"]
[TimeControl "180+1"]
[EndTime "11:07:48 PDT"]
[Termination "GiorgianBarbosa won on time"]

1. d4 Nf6 2. c4 e6 3. Nf3 c5 4.
d5 exd5 5. cxd5 d6 6. Nc3 g6 7. e4 Bg7 8. h3 O-O 9. Bd3 b6 10. a4 Ba6 11. Nb5 Re8 12. Qc2 Nxd5 13. O-O Nb4 14. Qc4 N8c6 15. Bg5 Qd7 16. Rad1 Ne5 17.
Nxe5 Bxe5 18. f4 Bxb5 19. axb5 Bxb2 20. Bb1 Bg7 21. f5 a6 22. fxg6 hxg6 23. bxa6 Rxa6 24. e5 d5 25. Qh4 Rxe5 26. Bf6 Rh5 27. Qf4 Bxf6 28. Qxf6 b5 29. Qf2 d4 30. Be4 Re6 31. Ra1 Rxe4 32. Qf6 Re8 33. Rfe1 Nd5 34. Qf3 Ne3 35.
Ra8 Rxa8 36. Qxa8+ Kg7 37. Qa1 Re5 0-1

[Event "*** Titled Tuesday Blitz"]
[Site "Chess.com"]
[Date "2020.05.05"]
[Round "6"]
[White "ljuks68"]
[Black "powermove"]
[Result "1-0"]
[WhiteElo "2367"]
[BlackElo "1680"]
[TimeControl "180+1"]
[EndTime "11:07:49 PDT"]
[Termination "ljuks68 won on time"]

1. e4 e5 2. Nf3 Nc6 3. Bb5 a6 4. Ba4 Nf6 5. O-O Be7 6. Qe2 b5 7. Bb3 d6 8. c3 O-O 9. d4 Bb7 10. Rd1 Qc8 11. a4 Qg4 12. Nbd2 b4 13. a5 bxc3 14.
bxc3 Rfe8 15. h3 Qh5 16. d5 Nb8 17. c4 Nbd7 18. Ba4 Rf8 19. Nb3 Rad8 20. Ba3 h6 21.
Nbd2 Nh7 22. Nf1 Ng5 23. Ng3 Nxf3+ 24. Qxf3 Qxf3 25. gxf3 g6 26. Rdb1 Bc8 27. Bc2 Kg7 28. Kh2 Bg5 29. Nf1 Bf4+ 30. Kg2 Nf6 31. c5 Nh5 32. h4 g5 33. Ng3 Bxg3 34. fxg3 gxh4 35. g4 Nf4+ 36. Kf2 dxc5 37. Bxc5 h3 38. Be3 Ng2 39. Rh1 Nxe3 40. Kxe3 Bd7 41. Rxh3 Bb5 42.
Bb3 Rd6 43. Rc1 1-0

[Event "*** Titled Tuesday Blitz"]
[Site "Chess.com"]
[Date "2020.05.05"]
[Round "6"]
[White "suneebaker"]
[Black "seastar"]
[Result "1-0"]
[WhiteElo "2171"]
[BlackElo "2016"]
[TimeControl "180+1"]
[EndTime "11:07:49 PDT"]
[Termination "suneebaker won on time"]

1. e4 c5 2. Nf3 g6 3. c3 Bg7 4. Bd3 e6 5. O-O Ne7 6. Re1 O-O 7. Bc2 Nbc6 8. h3 d5 9. d3 a6 10. Bf4 b5 11. Qc1 e5 12. Bh6 d4 13. Bxg7 Kxg7 14. a4 Bb7 15. axb5 axb5 16. Rxa8 Bxa8 17. Na3 Qb6 18.
cxd4 cxd4 19. Bb3 f6 20. Qd2 Na5 21. Ba2 Rc8 22. Rc1 Rxc1+ 23. Qxc1 Qc6 24. Qd2 Qb6 25. Qb4 Nac6 26. Qxb5 Qxb5 27. Nxb5 Nb4 28. Bc4 Nec6 29. Nc7 Bb7 30. Ne1 Na5 31. Ne6+ Kh8 32. b3 Na2 33. f4 Nc3 34. Kf2 Nd1+ 35. Kg3 Ne3 36. fxe5 fxe5 37. Nf3 Naxc4 38. bxc4 Bc8 39. Nc7 Nf1+ 40. Kf2 Ne3 41. Nxe5 Nd1+ 42. Ke2 Nb2 43. Nf3 Kg7 44. Nxd4 Kf6 45. Nd5+ Ke5 46. Nf3+ Kd6 47. Kd2 Be6 48. Kc3 Nd1+ 49. Kd4 Nf2 50. c5+ Kc6 51.
Ne5+ Kb7 52. Nf4 Bc8 53. Nf3 Nd1 54. Ke5 Nb2 55. d4 1-0

[Event "*** Titled Tuesday Blitz"]
[Site "Chess.com"]
[Date "2020.05.05"]
[Round "6"]
[White "Alopekos"]
[Black "johnathan113"]
[Result "1-0"]
[WhiteElo "2470"]
[BlackElo "2719"]
[TimeControl "180+1"]
[EndTime "11:07:50 PDT"]
[Termination "Alopekos won on time"]

1. e4 c5 2. Nc3 g6 3. Nge2 Bg7 4. d4 cxd4 5. Nxd4 Nc6 6. Nxc6 bxc6 7. Bc4 d6 8. Qf3 Nf6 9. e5 dxe5 10. Qxc6+ Bd7 11. Qa6 O-O 12. O-O Qc7 13. Bb3 Bc6 14. h3 Rfd8 15.
Be3 Rd6 16. Nb5 Qd7 17. Nxd6 exd6 18. c4 Bb7 19. Qb5 Bc6 20. Qa5 Qb7 21. f3 d5 22.
cxd5 Bxd5 23. Rfd1 Bxb3 24. axb3 e4 25. Rd8+ Ne8 26. Rxa8 Qxa8 27. Qxa7 Qd5 28. Qa8 Qb5 29. Qxe4 h5 30. Ra8 Kh7 31. Qxe8 1-0

[Event "*** Titled Tuesday Blitz"]
[Site "Chess.com"]
[Date "2020.05.05"]
[Round "6"]
[White "AwareIdea"]
[Black "Spring199"]
[Result "0-1"]
[WhiteElo "2559"]
[BlackElo "2370"]
[TimeControl "180+1"]
[EndTime "11:07:50 PDT"]
[Termination "Spring199 won on time"]

1. c4 e6 2. d4 d5 3. g3 Nf6 4.
Bg2 Be7 5. Nc3 O-O 6. Nf3 dxc4 7. Ne5 c5 8. dxc5 Bxc5 9. O-O Qe7 10. Nxc4 Nc6 11.
Bg5 Rd8 12. Qc2 Nd4 13. Qc1 Bb4 14. Re1 h6 15. Bxf6 Qxf6 16. Kf1 Rb8 17. e3 Nc6 18. a3 Bf8 19. Rd1 Bd7 20. Ne4 Qg6 21. Qc3 Ne7 22. Ne5 Bb5+ 23. Kg1 Qf5 24. g4 Qh7 25.
Rxd8 Rxd8 26. Qa5 Rd5 27. Ng5 hxg5 28. Bxd5 Nxd5 29. Qxb5 Qe4 30. Nd7 Qxg4+ 31. Kf1 Bd6 32. Rc1 g6 33. Qxd5 Qh3+ 34. Qg2 Qf5 35. h3 Qb5+ 36. Kg1 Qxd7 37. Qe4 b6 38. Kg2 Bc5 39.
Qf3 Qd2 40. Rd1 Qxb2 0-1

[Event "*** Titled Tuesday Blitz"]
[Site "Chess.com"]
[Date "2020.05.05"]
[Round "6"]
[White "Manukyan_Artak"]
[Black "Gurvich_Vitaly"]
[Result "0-1"]
[WhiteElo "2344"]
[BlackElo "2542"]
[TimeControl "180+1"]
[EndTime "11:07:50 PDT"]
[Termination "Gurvich_Vitaly won by resignation"]

1. e4 c5 2. Nf3 Nc6 3. c3 Nf6 4. e5 Nd5 5. d4 cxd4 6. cxd4 d6 7.
Nc3 Nxc3 8. bxc3 dxe5 9. d5 e4 10. Ng5 Ne5 11. Nxe4 g6 12. Bb5+ Bd7 13. Bxd7+ Qxd7 14. O-O Bg7 15. Nc5 Qb5 16. Be3 O-O 17. Rb1 Qc4 18. Rxb7 Qxa2 19. Rxe7 Rad8 20. Qb3 Qe2 21. h3 a5 22. Nb7 a4 23. Qxa4 Rxd5 24. Na5 Rfd8 25.
Re8+ Rxe8 26. Qxe8+ Bf8 27. Qa8 Rd1 28. Rxd1 Qxd1+ 29. Kh2 Qd6 30. Bf4 Qf6 31. Bg3 h5 32. Nb7 h4 33. Bxe5 Qxe5+ 34. Kg1 Qe1+ 35. Kh2 Qxf2 36.
Qc8 Qg3+ 37. Kg1 Kg7 38. Qc6 Be7 39. Qf3 Qe1+ 40. Kh2 Bf6 41. g4 hxg3+ 42. Kg2 Be5 43. Nc5 Qd2+ 44. Kg1 Qh2+ 45. Kf1 Qxh3+ 46. Qg2 Qf5+ 47.
Ke2 Bxc3 48. Ne4 Be5 49. Kd3 Qf4 50. Kc4 g5 51. Kd5 g4 52. Qa2 Bf6 53. Qa6 g2 54. Qa1 Bxa1 0-1

[Event "*** Titled Tuesday Blitz"]
[Site "Chess.com"]
[Date "2020.05.05"]
[Round "6"]
[White "ajian"]
[Black "Juanovic"]
[Result "1-0"]
[WhiteElo "2396"]
[BlackElo "2179"]
[TimeControl "180+1"]
[EndTime "11:07:50 PDT"]
[Termination "ajian won by checkmate"]

1. d4 d5 2. c4 c6 3. Nf3 Nf6 4. e3 e6 5. Bd3 Nbd7 6. Nbd2 Bb4 7.
O-O O-O 8. a3 Bxd2 9. Bxd2 Ne4 10.
Qc2 f5 11. Ne1 Qh4 12. f3 Nxd2 13. Qxd2 Rf6 14. g3 Qh3 15. Ng2 g5 16. e4 Rg6 17.
exf5 exf5 18. cxd5 cxd5 19. Ne3 Nf6 20. Qc2 Be6 21. Bxf5 Bxf5 22. Qxf5 Qxf5 23. Nxf5 Kf7 24. Rac1 Rd8 25. Rc7+ Rd7 26. Nd6+ Ke6 27. Rxd7 Kxd7 28. Nxb7 Ne8 29. Nc5+ Kd6 30. Re1 Nc7 31. Kf2 Nb5 32.
Ke3 h5 33. Kd3 Nc7 34. Re5 h4 35. Rf5 hxg3 36. hxg3 a5 37. Rf7 Rh6 38. b4 axb4 39. axb4 Rh3 40. g4 Kc6 41. Rf6+ Kb5 42. Rf7 Ne8 43.
Rb7+ Kc6 44. b5+ Kd6 45. Rd7# 1-0

[Event "*** Titled Tuesday Blitz"]
[Site "Chess.com"]
[Date "2020.05.05"]
[Round "6"]
[White "marszach123"]
[Black "AlexZambrano"]
[Result "0-1"]
[WhiteElo "2136"]
[BlackElo "2290"]
[TimeControl "180+1"]
[EndTime "11:07:50 PDT"]
[Termination "AlexZambrano won on time"]

1. e4 d5 2. exd5 Qxd5 3. Nf3 Bg4 4. Be2 c6 5. d4 Nf6 6. O-O e6 7. c4 Qd6 8. Nc3 Nbd7 9. Be3 Qc7 10. Qc2 Bd6 11. h3 Bxf3 12. Bxf3 O-O 13. Rad1 Bf4 14. Rfe1 Rad8 15. Qc1 Bxe3 16. Qxe3 Rfe8 17. Ne4 Nxe4 18. Qxe4 Nf6 19. Qc2 b6 20. b3 c5 21. dxc5 Qxc5 22. Rxd8 Rxd8 23. Rd1 Rd4 24. Rxd4 Qxd4 25. b4 g6 26. c5 bxc5 27. bxc5 Qd7 28. c6 Qc7 29. Qb3 Ne8 30. Qb7 Kf8 31. Kf1 a5 32. Ke2 Qe5+ 33. Kd3 Nc7 34. Qc8+ Kg7 35. Qd7 Qb5+ 36. Ke3 Qe5+ 37.
Kd3 Nb5 38. Kd2 Qc3+ 39. Ke2 Nd4+ 40. Kd1 Qc2+ 41. Ke1 Qc1+ 42. Bd1 Qc3+ 43. Kf1 Qd3+ 44. Ke1 Qc3+ 0-1

[Event "*** Titled Tuesday Blitz"]
[Site "Chess.com"]
[Date "2020.05.05"]
[Round "6"]
[White "lucliasco"]
[Black "ninullia"]
[Result "1-0"]
[WhiteElo "2672"]
[BlackElo "2452"]
[TimeControl "180+1"]
[EndTime "11:07:51 PDT"]
[Termination "lucliasco won on time"]

1. d4 Nf6 2. Nf3 d5 3. e3 c5 4.
Bd3 Nc6 5. O-O Bg4 6. Nbd2 cxd4 7. exd4 Nxd4 8. h3 Nxf3+ 9. Nxf3 Bd7 10. g4 e6 11. g5 Ne4 12. Bxe4 dxe4 13. Ne5 Bb5 14. c4 Bd6 15. Nxf7 Kxf7 16. cxb5 Rf8 17. Qa4 Kg8 18. Qxe4 Qe8 19. h4 Kh8 20. a4 Rc8 21. Be3 Qh5 22.
Rac1 Rce8 23. Rfe1 Rf3 24. Rcd1 Bc7 25. Rd4 Ref8 26. Qg4 Qf7 27. Rd2 Bb8 28. Rde2 Qc7 29. Qg2 Rh3 30. Qxh3 Qc4 31. g6 hxg6 32. Bg5 Qxa4 33.
h5 gxh5 34. Qxh5+ Kg8 35. Rxe6 Qd4 36. Be3 Qd3 37. Re8 1-0

[Event "*** Titled Tuesday Blitz"]
[Site "Chess.com"]
[Date "2020.05.05"]
[Round "6"]
[White "Ziachess74"]
[Black "realmadridtv"]
[Result "0-1"]
[WhiteElo "2556"]
[BlackElo "2381"]
[TimeControl "180+1"]
[EndTime "11:07:51 PDT"]
[Termination "realmadridtv won on time"]

1. d4 Nf6 2. c4 e6 3. Nc3 Bb4 4. g3 d5 5. Nf3 O-O 6. Bg2 dxc4 7. O-O Nc6 8. Qa4 Rb8 9. Rd1 a6 10. Ne5 Bxc3 11. Bxc6 b5 12. Qa3 Bxd4 13. Be3 Bxe5 14.
Rxd8 Rxd8 15. Ba7 Bb7 16. Bxb8 Bxc6 17. Ba7 Bb7 18. f4 Bd6 19. Bc5 Ne4 20. Bxd6 Rxd6 21. Qe3 c5 22. Rf1 f5 23. Rc1 Rd4 24. Qa3 Rd2 25.
Qa5 Bd5 26. Qd8+ Kf7 27. Qc7+ Kf8 28. Qc8+ Kf7 29. Qd7+ Kf8 30. Re1 b4 31. Qc8+ Kf7 32. Qc7+ Kg6 33. Qe5 c3 0-1

[Event "*** Titled Tuesday Blitz"]
[Site "Chess.com"]
[Date "2020.05.05"]
[Round "6"]
[White "LikeWater"]
[Black "NormWeinstein"]
[Result "1-0"]
[WhiteElo "2705"]
[BlackElo "2450"]
[TimeControl "180+1"]
[EndTime "11:07:51 PDT"]
[Termination "LikeWater won on time"]

1. e4 c5 2. Nf3 d6 3. Nc3 Nf6 4. e5 dxe5 5. Nxe5 Nbd7 6. d4 e6 7. Bb5 a6 8. Bxd7+ Bxd7 9. Bg5 Be7 10. dxc5 Bxc5 11. Qf3 Bd4 12. Nxd7 Qxd7 13. O-O-O O-O-O 14. Bxf6 gxf6 15. Ne2 Qa4 16. Nxd4 Rxd4 17. Qxf6 Rhd8 18. Rxd4 Qxd4 19. Qxd4 Rxd4 20. Rd1 Re4 21. c3 Re2 22. Rd2 Re1+ 23. Kc2 Rh1 24. h3 Rg1 25. f3 Kc7 26. Kd3 Re1 27. Re2 Rg1 28. Ke4 Kd6 29. Kf4 f6 30. Kg4 Ke7 31. Kh5 Rd1 32. Kh6 Kf7 33. Kxh7 f5 34. Kh6 Kf6 35. g4 e5 36. g5+ Ke6 37.
h4 Rf1 38. g6 Rxf3 39. Rg2 1-0

[Event "*** Titled Tuesday Blitz"]
[Site "Chess.com"]
[Date "2020.05.05"]
[Round "6"]
[White "TudorAnton"]
[Black "ajkom197"]
[Result "0-1"]
[WhiteElo "2489"]
[BlackElo "2330"]
[TimeControl "180+1"]
[EndTime "11:07:51 PDT"]
[Termination "ajkom197 won by resignation"]

1. d4 d5 2. c4 c6 3. Nf3 Nf6 4. Qc2 g6 5. Bf4 Bg7 6. e3 Bf5 7. Qb3 Qb6 8. Nc3 Nbd7 9. Qxb6 Nxb6 10. c5 Nbd7 11. h3 Ne4 12. Nxe4 Bxe4 13. Nd2 Bf5 14. g4 Be6 15. Bg3 f6 16. f4 h5 17. Bd3 hxg4 18.
Bxg6+ Bf7 19. Bxf7+ Kxf7 20. h4 f5 21. h5 Nf6 22. Kf2 Rxh5 23. Rxh5 Nxh5 24. Rh1 Nf6 25. Bh4 Rh8 26. Kg2 Ne4 27. Nxe4 dxe4 28. Be1 Rxh1 29.
Kxh1 Ke6 30. Kg2 Kd5 31. b3 b6 32. Bb4 e6 33. cxb6 axb6 34. Be7 c5 35. dxc5 bxc5 36.
a4 e5 37. fxe5 Bxe5 38. a5 Kc6 39. a6 Kb6 40. Bxc5+ Kxa6 41. Be7 Kb5 42. Bf8 Kc6 43. Bb4 Bd6 44. Bc3 Bc5 45. Bd2 Kd5 46. Kg3 Bd6+ 47. Kh4 Be5 48. Be1 Bf6+ 49. Kh5 Ke6 50. Bg3 Bd8 51. b4 Bb6 52. Bf4 g3 53. Bxg3 Bxe3 54. Bc7 f4 55. b5 f3 56. b6 f2 57. b7 Ba7 58. b8=Q Bxb8 59. Bxb8 0-1